Map: Neon Violet Square LE

Players

INnoVation - Winner!

  • Race: Terran Terran
  • Spawn Location: 11:00

Scarlett

  • Race: Zerg Zerg
  • Spawn Location: 5:00

Event: 2018 Hangzhou StarCraft Carnival

VOD

Have the link to the VOD?

Description

Time

  • Played on: April 29, 2018, 3:52 a.m.
  • Length: 6:09

All games in this series

Show
View Real Time Build Order
Export as new Build Order

INnoVation Terran - Winner!

Build Orders: Cyclone Opening, Reaper Expand 

Get SALT Encoding   

  12  0:00  SCV  
  13  0:12  SCV  
  14  0:18  Supply Depot  
  14  0:24  SCV  
  15  0:40  SCV  
  15  0:41  Barracks  
  16  0:44  Refinery  
  16  0:52  SCV  
  17  1:04  SCV  
  18  1:16  SCV  
  19  1:28  Reaper, Orbital Command  
  20  1:40  Command Center  
  20  1:53  Supply Depot  
  20  1:54  SCV  
  21  2:00  Marine  
  22  2:06  SCV  
  23  2:10  Factory  
  23  2:18  Marine, Bunker  
  24  2:23  SCV  
  25  2:31  Supply Depot  
  25  2:35  SCV  
  25  2:36  Marine  
  27  2:43  Refinery  
  27  2:51  SCV  
  27  2:55  Cyclone  
  27  2:56  Marine  
  31  3:03  SCV  
  31  3:15  SCV, Barracks Reactor  
  30  3:27  SCV  
  30  3:30  Factory Tech Lab  
  25  3:39  SCV  
  26  3:49  Siege Tank  
  26  3:52  Marine x2  
  31  4:08  Supply Depot  
  31  4:21  Siege Tank  
  32  4:28  SCV  
  32  4:30  Marine  
  32  4:41  SCV  
  33  4:48  Marine  
  34  4:53  Siege Tank  
  34  4:55  SCV  
  34  5:06  Marine, Bunker  
  30  5:11  Bunker  
  29  5:15  SCV  
  30  5:23  Bunker  
  31  5:28  SCV  
  31  5:29  Marine  
  31  5:35  Siege Tank  
  35  5:39  SCV  
  36  5:47  Marine  
  38  5:57  SCV  
Show
View Real Time Build Order
Export as new Build Order

Scarlett Zerg 

Build Orders: Hatch First, Ravager All-In 

Get SALT Encoding   

  12  0:00  Drone  
  13  0:08  Drone  
  14  0:41  Hatchery  
  13  0:50  Spawning Pool  
  13  0:55  Drone  
  13  0:59  Drone  
  14  1:06  Drone, Extractor  
  14  1:13  Drone, Extractor  
  14  1:21  Overlord  
  14  1:38  Roach Warren  
  13  1:40  Drone  
  16  2:15  Overlord  
  14  2:18  Roach x3  
  22  2:34  Roach  
  22  2:49  Roach  
  24  2:52  Ravager  
  25  3:00  Ravager  
  25  3:03  Roach x2  
  25  3:04  Ravager  
  31  3:12  Ravager  
  32  3:24  Ravager  
  27  3:37  Ravager  
  27  3:39  Roach  
  28  3:47  Roach  
  30  3:50  Roach  
  32  4:06  Roach x2  
  36  4:15  Overlord  
  33  4:28  Ravager  
  33  4:29  Ravager  
  35  4:40  Ravager  
  35  4:44  Queen  
  38  4:54  Ravager  
  25  5:07  Drone  
  26  5:17  Roach x2  
  30  5:26  Roach  
  32  5:39  Ravager  
  33  5:46  Ravager  
  33  5:48  Ravager  
Tags
 
Add a new tag
Caveats
  • Supply blocks, unpowered buildings, or Contaminate may cause inaccurate times.
  • Supply counts are checked every 10 seconds.